 Dungeon Crawl Stone Soup version 0.31-a0-1540-g5a0b83f448 (webtiles) character file.

Game seed: 7729930019461335758

1978 Laraso the Cleaver (level 9, -1/70 HPs)
             Began as a Hill Orc Monk on Jan 1, 2024.
             Slain by a mummy (8 damage)
             ... in an ossuary.
             The game lasted 00:07:53 (6326 turns).

Laraso the Cleaver (Hill Orc Monk)                  Turns: 6326, Time: 00:07:54

Health: -1/70      AC: 10    Str: 16    XL:     9   Next: 20%
Magic:  9/9        EV: 10    Int: 10    God:
Gold:   142        SH:  0    Dex: 15    Spells: 8/8 levels left

rFire   . . .        a - +0 hand axe
rCold   . . .        d - orb {light}
rNeg    . . .        y - +0 scale mail
rPois   +            (no helmet)
rElec   .            f - +0 cloak
rCorr   +            h - +0 pair of gloves
SInv    .            i - +0 pair of boots
Will    .....        (no amulet) Stlth
                     e - ring of poison resistance
HPRegen 0.31/turn    D - ring of resist corrosion
MPRegen 0.11/turn

%: no passive effects
@: glowing
A: no striking features
a: no special abilities


You were in an ossuary.
You visited 1 branch of the dungeon, and saw 7 of its levels.
You also visited: Ossuary.

You collected 400 gold pieces.
You spent 258 gold pieces at shops.

Inventory:

Hand Weapons
 a - a +0 hand axe (weapon)
Missiles
 p - 4 curare-tipped darts (quivered)
 v - a throwing net
 G - 2 datura-tipped darts
Armour
 d - an orb of light (worn)
 f - a +0 cloak (worn)
 h - a +0 pair of gloves (worn)
 i - a +0 pair of boots (worn)
 y - a +0 scale mail (worn)
Jewellery
 e - a ring of poison resistance (left hand)
 D - a ring of resist corrosion (right hand)
Wands
 t - a wand of flame (12)
 E - a wand of acid (4)
Scrolls
 g - 3 scrolls of fog
 k - 2 scrolls of noise
 m - a scroll of brand weapon
 n - a scroll of fear {unknown}
 o - a scroll of revelation {unknown}
 u - a scroll of summoning
 w - 2 scrolls of torment
 z - 2 scrolls of immolation
 B - 2 scrolls of teleportation
 F - a scroll of amnesia {unknown}
Potions
 b - a potion of magic {unknown}
 c - a potion of ambrosia
 j - a potion of lignification {unknown}
 l - 5 potions of curing
 q - a potion of might
 s - a potion of attraction {unknown}
 x - a potion of experience {unknown}
 A - a potion of brilliance {unknown}
 C - a potion of berserk rage {unknown}


   Skills:
 - Level 3.6 Fighting
 * Level 12.8 Axes
 - Level 3.0 Throwing
 - Level 3.0 Armour
 - Level 2.4 Dodging
 - Level 5.0 Evocations


You had 8 spell levels left.
You didn't know any spells.
Your spell library contained the following spells:

 Spells                   Type           Power      Damage    Failure   Level
 Call Canine Familiar     Summ           0%         N/A       99%         3
 Sigil of Binding         Hex            0%         N/A       99%         3
 Tukima's Dance           Hex            0%         N/A       99%         3
 Dimensional Bullseye     Hex/Tloc       0%         N/A       100%        4
 Iskenderun's Mystic Bla  Conj/Tloc      0%         2d3       100%        4


Dungeon Overview and Level Annotations

Branches:
Dungeon (7/15)             Temple (0/1) D:4         Ossuary (1/1)

Altars:
Ashenzari

Shops:
D:5 ?   D:7 (=


Message History

You hit the orc zombie.
You destroy the orc zombie!
You slash the mummy! The mummy hits you! The mummy hits you!
* * * LOW HITPOINT WARNING * * *
You are too injured to fight recklessly!
Unknown command.
You hit the mummy.
The mummy is almost destroyed.
You hit the mummy but do no damage.
The mummy is almost destroyed.
You hit the orc zombie. You hit the mummy.
You destroy the mummy!
You hit the orc zombie.
You destroy the orc zombie!
You hit the mummy.
The mummy is moderately damaged.
You hit the mummy. You hit the mummy.
The mummy is severely damaged.
You barely miss the mummy. The mummy misses you.
You hit the mummy.
The mummy is severely damaged.
You hit the mummy. The mummy closely misses you.
You completely miss the mummy.
The mummy is severely damaged.
You barely miss the mummy. You hit the mummy but do no damage.
The mummy is severely damaged.
You hit the mummy but do no damage. The mummy hits you.
* * * LOW HITPOINT WARNING * * *
The mummy hits you!
* * * LOW HITPOINT WARNING * * *
You hit the mummy.
You destroy the mummy!
You hit the mummy. x2
The mummy barely misses you. The mummy hits you!
You die...

....M......
........#
......#
#....#
#....#
#....#
#....#
#....#
#.M@M#
#....#
#....#
#.∩∩.#
######


You could see 2 mummies.

Vanquished Creatures
  A wraith (D:6)
  Eustachio (D:6)
  Edmund (D:6)
  2 ice beasts
  A black bear (D:6)
  An ogre (D:6)
  4 centaurs
  A phantom (D:5)
  A bullfrog (D:6)
  A scorpion (D:6)
  2 howler monkeys
  A bombardier beetle (D:5)
  4 hounds
  4 iguanas
  A scorpion zombie (D:7)
  An orc wizard (D:4)
  2 mummies (Ossuary)
  3 howler monkey skeletons (D:7)
  8 adders
  3 gnolls (D:4)
  A shadow imp (D:6)
  A white imp (D:4)
  4 ufetubi (D:5)
  3 dart slugs
  A ribbon worm (D:2)
  10 orcs
  8 bats
  7 endoplasms
  2 giant cockroaches
  A gnoll zombie (Ossuary)
  13 goblins
  7 hobgoblins
  8 jackals
  5 quokkas
  9 ball pythons
  2 frilled lizards (D:2)
  8 kobolds
  3 orc zombies (Ossuary)
  9 rats
145 creatures vanquished.

Notes
Turn   | Place    | Note
-------+----------+-------------------------------------------
     0 | D:1      | Laraso the Hill Orc Monk began the quest for the Orb.
     0 | D:1      | Reached XP level 1. HP: 19/19 MP: 1/1
   148 | D:1      | Reached XP level 2. HP: 19/26 MP: 2/2
   288 | D:1      | Reached skill level 5 in Axes
   375 | D:1      | Reached XP level 3. HP: 31/31 MP: 3/3
   937 | D:2      | Reached skill level 6 in Axes
   954 | D:2      | You fall into a shaft and drop 1 floor!
   999 | D:2      | Reached XP level 4. HP: 36/39 MP: 4/4
  1699 | D:3      | Reached skill level 1 in Throwing
  1699 | D:3      | Reached XP level 5. HP: 42/45 MP: 5/5
  2400 | D:4      | Reached XP level 6. HP: 46/51 MP: 6/6
  2571 | D:4      | Found a broken altar of Ashenzari.
  3026 | D:4      | Found a staircase to the Ecumenical Temple.
  3373 | D:5      | Entered Level 5 of the Dungeon
  3393 | D:5      | Reached skill level 7 in Axes
  3408 | D:5      | Identified the +1 robe of Hide-and-Seek {rPois rC+ rN+++
                  | Will-}
  3730 | D:5      | Reached skill level 8 in Axes
  3730 | D:5      | Reached XP level 7. HP: 44/57 MP: 7/7
  3907 | D:5      | Found Voipto's Magic Scroll Shoppe.
  3916 | D:5      | Bought a scroll of blinking for 90 gold pieces
  3916 | D:5      | Bought a scroll of immolation for 48 gold pieces
  3916 | D:5      | Bought 2 scrolls of identify for 48 gold pieces
  3916 | D:5      | Bought a scroll of identify for 24 gold pieces
  3916 | D:5      | Bought a scroll of noise for 12 gold pieces
  3916 | D:5      | Bought a scroll of teleportation for 36 gold pieces
  4336 | D:6      | Reached skill level 9 in Axes
  4346 | D:6      | Noticed Edmund
  4376 | D:6      | Killed Edmund
  4624 | D:6      | Reached skill level 10 in Axes
  4624 | D:6      | Reached XP level 8. HP: 63/64 MP: 8/8
  4755 | D:6      | Reached skill level 11 in Axes
  4762 | D:6      | Noticed Eustachio
  4805 | D:6      | Killed Eustachio
  4806 | D:6      | Reached skill level 12 in Axes
  5853 | D:7      | Found a sand-covered staircase.
  5923 | D:7      | Found Zaachek's Jewellery Shop.
  5962 | D:7      | Reached XP level 9. HP: 49/70 MP: 9/9
  5978 | D:7      | Found Kuehawys's Weapon Boutique.
  6236 | D:6      | Reached skill level 5 in Evocations
  6286 | Ossuary  | Entered an ossuary
  6326 | Ossuary  | Slain by a mummy

Illustrated notes

Levels and vault maps discovered:
D:1:      tarquinn_simple_flora_water_e, layout_loops_ring, serial_bayou,
          serial_bayou_ford_a, serial_bayou_pond_a, serial_bayou_lagoon_a,
          serial_bayou_lagoon_b
D:2:      layout_rooms
D:3:      layout_loops_ring, hangedman_decor_points
D:4:      layout_cave_pods, lemuel_crystal_altar, minmay_temple_entry_offerings,
          chequers_serial_rivers_micro_e
D:5:      layout_cave_pools, serial_column_ruins, column_ruins_grid_1,
          column_ruins_grid_2, column_ruins_columns_T, column_ruins_open_small,
          serial_shops, nicolae_shop_tiny_waterfront
D:6:      layout_basic, minmay_ogre_servants, uniq_eustachio, uniq_edmund
D:7:      layout_loops_ring, mainiacjoe_overflow_alcove_1, serial_shops,
          nicolae_shop_stone, kennysheep_little_box, nicolae_shop_scrapyard,
          nicolae_book_shop_shelving, nicolae_shop_tiny_real_fake_doors,
          enter_bailey_2, mainiacjoe_ossuary_entry_find_the_door
Ossuary:  ossuary_tomb_3

Skill      XL: |  1  2  3  4  5  6  7  8  9 |
---------------+----------------------------+-----
Axes           | 5 6 8 10 12 | 12.8
Throwing       | 1 3 |  3.0
Armour         | 2 3 |  3.0
Evocations     | 4 5 |  5.0
Fighting       | |  3.6
Dodging        | |  2.4

Action                     |  1- 3 |  4- 6 |  7- 9 || total
---------------------------+-------+-------+-------++-------
  Melee: Hand axe          |   103 |   214 |   243 ||   560
  Throw: Dart              |       |       |     4 ||     4
  Evoke: Wand              |       |       |     3 ||     3
    Use: Scroll            |       |     4 |     4 ||     8
 Armour: Robe              |    53 |    38 |       ||    91
         Ring mail         |       |   107 |       ||   107
         Scale mail        |       |       |   169 ||   169
  Dodge: Dodged            |    79 |   111 |   123 ||   313

Table legend: (Time is in decaauts)
 A = Elapsed time spent in this place.
 B = Non-inter-level travel time spent in this place.
 C = Inter-level travel time spent in this place.
 D = Time resting spent in this place.
 E = Time spent auto-exploring this place.
 F = Levels seen in this place.
 G = Mean time per level.
                   A        B        C        D        E       F      G
               +--------+--------+--------+--------+--------+-----+--------+
         Total |   6317 |   5751 |    566 |    799 |   3746 |   8 |  789.6 |
       Dungeon |   6284 |   5718 |    566 |    799 |   3744 |   7 |  897.7 |
       Ossuary |     33 |     33 |      0 |      0 |      2 |   1 |   33.0 |
               +--------+--------+--------+--------+--------+-----+--------+

Top non-repeatable levels by time:
     D:6: 1703 daAuts
     D:4: 1409 daAuts
     D:1: 945 daAuts
     D:3: 823 daAuts
     D:5: 759 daAuts
     D:2: 473 daAuts
     D:7: 169 daAuts
 Ossuary: 33 daAuts
